AoeStats
← icetaylor

Arena

508155283Analyzed
2v2 RM · 9d ago on Sep 21, 2026· 33m 40s· 4 players
Game mode
Random Map
Map size
Medium (4 player)
Population
200
Speed
Normal
Resources
Standard
Victory
Conquest
Starting age
Dark Age
Ending age
Imperial Age
RankedLock teamsTeams togetherTeam positionsShared explorationLock speedFull tech treeHidden civsTurbo modeCheats
Victory
Defeat
🇲🇽 Burgundians · Mexico
1113
+16
🇲🇽 Spanish · Mexico
1099
+16
🇨🇦 Khmer · Canada
1107
-16
🇺🇸 Cumans · United States
1107
-16
adrian_182s
6:22 Double-Bit Axe
6:59 Horse Collar
9:05 Loom
11:17 Feudal Age
9:59 Gold Mining
10:31 Stone Mining
18:14 Castle Age
17:19 Bow Saw
17:10 Heavy Plow
20:27 Husbandry
27:12 Forging
28:29 Two-Man Saw
27:54 Scale Barding Armor
28:56 Iron Casting
28:07 Cavalier
30:34 Wheelbarrow
33:19 Imperial Age
32:00 Crop Rotation
32:06 Gold Shaft Mining
32:08 Stone Shaft Mining
31:18 Treadmill Crane
32:56 Chain Barding Armor
33:13 Masonry
33:59 Burgundian Vineyards
33:49 Fletching
33:59 Padded Archer Armor
35:03 Chemistry
Limoneto
10:27 Feudal Age
12:31 Wheelbarrow
13:46 Forging
17:00 Castle Age
16:56 Double-Bit Axe
16:53 Horse Collar
Mkid
7:04 Loom
10:06 Feudal Age
10:36 Double-Bit Axe
15:20 Horse Collar
19:54 Wheelbarrow
27:01 Castle Age
28:37 Bow Saw
30:53 Fletching
31:34 Bodkin Arrow
33:52 Scale Mail Armor
icetaylor
8:43 Loom
10:29 Feudal Age
13:37 Castle Age
11:56 Double-Bit Axe
12:29 Horse Collar
16:49 Forging
19:29 Scale Barding Armor
23:09 Wheelbarrow
30:49 Imperial Age
28:22 Pikeman
29:05 Scale Mail Armor
28:57 Fletching
30:15 Husbandry
30:29 Bloodlines
32:13 Crossbowman
32:14 Elite Skirmisher
32:19 Halberdier
32:57 Bodkin Arrow
33:17 Chain Mail Armor
33:37 Iron Casting
33:12 Gold Mining
33:57 Padded Archer Armor
Connection lost

Rejoining the realm…

Still unreachable

The connection could not be restored.

Session expired

The server has moved on; the page needs a fresh start.